 Dungeon Crawl Stone Soup version 0.30-a0-883-g5ad918d77d (console) character file.

Game seed: 7090247076169794407

119 Abuh the Shooter (level 5, -2/30 HPs)
             Began as a Kobold Hunter on Mar 15, 2023.
             Slain by a gnoll
             ... wielding a +0 club
              (6 damage)
             ... on level 3 of the Dungeon.
             The game lasted 00:08:16 (2244 turns).

Abuh the Shooter (Kobold Hunter)                    Turns: 2244, Time: 00:08:17

Health: -2/30      AC:  3    Str:  8    XL:     5   Next: 24%
Magic:  5/5        EV: 14    Int: 11    God:
Gold:   75         SH:  0    Dex: 20    Spells: 4/4 levels left

rFire   . . .      SeeInvis .    a - +0 shortbow
rCold   . . .      Faith    .    (shield currently unavailable)
rNeg    . . .      Spirit   .    c - +0 leather armour
rPois   .          Reflect  .    (no helmet)
rElec   .          Rampage  .    (no cloak)
rCorr   .                        (no gloves)
Will    .....                    (no boots)
Stlth   ++++                     (no amulet)
HPRegen 0.25/turn                (no ring)
MPRegen 0.09/turn                (no ring)

@: no status effects
A: small, no large weapons, nightstalker 3
a: no special abilities


You were on level 3 of the Dungeon.
You visited 1 branch of the dungeon, and saw 3 of its levels.

You collected 75 gold pieces.

Inventory:

Hand Weapons
 a - a +0 shortbow (weapon)
 l - a +0 dagger
Missiles
 f - 6 curare-tipped darts
Armour
 c - a +0 leather armour (worn)
Scrolls
 b - 2 scrolls of immolation
 d - 2 scrolls of poison {unknown}
 e - a scroll of magic mapping {unknown}
 h - 2 scrolls of identify {unknown}
 j - 2 scrolls of teleportation {unknown}
 m - 4 scrolls of enchant weapon {unknown}
Potions
 g - a potion of degeneration {unknown}
 i - a potion of invisibility {unknown}
 n - a potion of attraction


   Skills:
 - Level 2.1 Fighting
 + Level 6.9 Ranged Weapons
 - Level 2.4 Dodging
 + Level 4.8 Stealth


You had 4 spell levels left.
You didn't know any spells.
Your spell library contained the following spells:

 Spells                   Type           Power      Damage    Failure   Level
 Lesser Beckoning         Tloc           0%         N/A       61%         2
 Gell's Gravitas          Tloc           0%         N/A       83%         3
 Hailstorm                Conj/Ice       0%         3d3       83%         3
 Teleport Other           Tloc           0%         N/A       83%         3
 Ice Form                 Ice/Tmut       0%         N/A       99%         4
 Simulacrum               Ice/Necr       0%         N/A       100%        6


Dungeon Overview and Level Annotations

Branches:
Dungeon (3/15)

Altars:

Shops:
D:3 ?


Innate Abilities, Weirdness & Mutations

You are small and have problems with some larger weapons.
You are completely attuned to the shadows.


Message History

A gnoll comes into view. It is wielding a +0 club.
The gnoll shouts!
You hear a shout! x2
You shoot an arrow. The arrow hits the gnoll.
The gnoll is lightly wounded.
You hear an angry hiss.
An adder comes into view.
You shoot an arrow. The arrow barely misses the gnoll.
The adder hisses angrily.
A gnoll comes into view. It is wielding a +0 flail.
A gnoll comes into view. It is wielding a +0 club.
The gnoll barely misses you. The gnoll attacks as you move away!
The gnoll hits you with a +0 club. The gnoll attacks as you move away!
The gnoll hits you with a +0 club. The gnoll attacks as you move away!
The gnoll hits you with a +0 club.
You open the door. The gnoll hits you with a +0 club.
The gnoll attacks as you move away! The gnoll hits you with a +0 club.
There is an open door here.
The gnoll attacks as you move away! The gnoll completely misses you.
The adder attacks as you move away! The adder bites you.
Okay, then.
You shoot an arrow. The arrow hits the adder.
The adder is moderately wounded.
The adder bites you. The adder closely misses you.
You shoot an arrow. The arrow hits the adder!
You kill the adder!
You shoot an arrow. The arrow barely misses the gnoll.
The gnoll hits you with a +0 club!
* * * LOW HITPOINT WARNING * * *
You shoot an arrow. The arrow hits the gnoll.
The gnoll is heavily wounded.
The gnoll hits you with a +0 club.
* * * LOW HITPOINT WARNING * * *
You shoot an arrow. The arrow barely misses the gnoll.
The arrow closely misses the gnoll.
The gnoll attacks as you move away! The gnoll barely misses you.
You shoot an arrow. The arrow hits the gnoll.
The gnoll is moderately wounded.
The gnoll hits you with a +0 club.
* * * LOW HITPOINT WARNING * * *
You shoot an arrow. The arrow hits the gnoll.
The gnoll is moderately wounded.
The gnoll hits you with a +0 club.
You die...

###'######+# #..#....#.###'#....##..##...
......##'#.# #.(.# #.#.#.# #......
..#..###........)..#..# ....
.......#.#.#####.###.#.#.# ###......
......#....)..#.#..##.... .......#.......#.#...#.#.#
#....####
......'.......+.#.......####+#+#.###.###.#.#.###.#.#
#......<#
......#.......###.#.....#......#.###.###.#.#.# #.#.#
#.......#
..................+.....+...............>..#.# #.#.#
#.......#
........###...###.#.....#......#...)<#.#.###.# #.#.#
#.......# .......# #...#
...............##.####.#...#.# #.#.# #........
..#.....######.#..# #.#.###.# #.#.# ..#.....# #.# #
#.#.....# #.#.# #.....#. .. #.#########.#.# #.......
#.....(.....#.# #....... #############.#
...#.....#####....... #.# ...^.............##.......
#.# ................##....... #.#
####..............##........ #.#
#...#.............#......... #.#
......###.........#......... #.#
........##..........##.......########## #.#
........##.........###................# #.#
#.......'..................##.........# #.#
........#..##.........................# #.#
........##>...........................# #.#
........##@##.... ................#### #.#
.........#g# ................#### #.#
.........#g##### ........†.......†..# #.#
..........g....# ................##.# ####.#
..###.........# ................##.# #....#
......†....### #####...........##.# #.####
.............#######...........##.#####.#
..#............................##.......#
.........†...)..............##########
..................########## .......#.........#
......#....)..... .....#..... ...##..... #.....
#.....


You could see 3 gnolls.

Vanquished Creatures
  4 gnolls (D:3)
  3 adders
  A worm (D:3)
  4 dart slugs
  2 ball pythons
  An endoplasm (D:1)
  A giant cockroach (D:3)
  6 goblins
  4 hobgoblins
  3 jackals (D:2)
  6 bats
  3 frilled lizards
  4 kobolds
  4 rats
46 creatures vanquished.

Notes
Turn   | Place    | Note
-------+----------+-------------------------------------------
     0 | D:1      | Abuh the Kobold Hunter began the quest for the Orb.
     0 | D:1      | Reached XP level 1. HP: 12/12 MP: 1/1
   129 | D:1      | Reached XP level 2. HP: 17/17 MP: 2/2
   331 | D:1      | Reached XP level 3. HP: 21/21 MP: 3/3
   844 | D:2      | Reached skill level 6 in Ranged Weapons
  1638 | D:2      | Reached XP level 4. HP: 26/26 MP: 4/4
  1837 | D:3      | Found Eropy's Magic Scroll Shop.
  1880 | D:3      | Reached XP level 5. HP: 28/30 MP: 5/5
  2244 | D:3      | Slain by a gnoll

Illustrated notes

Levels and vault maps discovered:
D:1:      lemuel_arrival_lava_pool, layout_basic, lemuel_flame_loot_1
D:2:      layout_basic, amcnicky_mini_pool_small
D:3:      layout_basic, serial_shops, nicolae_square_shop

Skill      XL: |  1  2  3  4 |
---------------+-------------+-----
Stealth        | 2 3 4 |  4.8
Ranged Weapons | 6 |  6.9
Fighting       | |  2.1
Dodging        | |  2.4

Action                     |  1- 3 |  4- 6 || total
---------------------------+-------+-------++-------
   Fire: Shortbow          |    77 |    40 ||   117
    Use: Potion            |       |     7 ||     7
 Armour: Leather armour    |     3 |     5 ||     8
         Skin              |       |    15 ||    15
  Dodge: Dodged            |    22 |    13 ||    35

Table legend: (Time is in decaauts)
 A = Elapsed time spent in this place.
 B = Non-inter-level travel time spent in this place.
 C = Inter-level travel time spent in this place.
 D = Time resting spent in this place.
 E = Time spent auto-exploring this place.
 F = Levels seen in this place.
 G = Mean time per level.
                   A        B        C        D        E       F      G
               +--------+--------+--------+--------+--------+-----+--------+
         Total |   2270 |   2236 |     34 |    106 |   1827 |   3 |  756.7 |
       Dungeon |   2270 |   2236 |     34 |    106 |   1827 |   3 |  756.7 |
               +--------+--------+--------+--------+--------+-----+--------+

Top non-repeatable levels by time:
     D:2: 1069 daAuts
     D:1: 727 daAuts
     D:3: 474 daAuts
